MLB
HOUSTON ASTROS @ BOSTON RED SOX
03/26/2099
 
TOP OF THE 1ST
Houston Astros batting - Pitching for Boston Red Sox : RHP Joel Mormon
Pitching: RHP Joel Mormon
Batting: RHB Miguel Santillano 0-0: Swinging Strike
0-1: Ball
1-1: Fly out, F8 (Flyball, 8RM, EV 76.9 MPH)
Batting: LHB Zack Baize 0-0: Called Strike
0-1: Ground out 1-3 (Groundball, 34S, EV 69.4 MPH)
Batting: RHB Jeff Cinnamon 0-0: Ball
1-0: Foul Ball, location: 2F
1-1: Ball
2-1: Ground out 6-3 (Groundball, 6M, EV 81.9 MPH)
Top of the 1st over - 0 runs, 0 hits, 0 errors, 0 left on base; Houston 0 - Boston 0
BOTTOM OF THE 1ST
Boston Red Sox batting - Pitching for Houston Astros : RHP Jon Daugherty
Pitching: RHP Jon Daugherty
Batting: RHB Mike Tremblay 0-0: Ball
1-0: Called Strike
1-1: Bunted foul
1-2: Reached on error, E6 (Groundball, 6S, EV 87.5 MPH)
Batting: RHB Chris Barley 0-0: Ball
Mike Tremblay steals 2nd base
1-0: Foul Ball, location: 2F
1-1: Ball
2-1: Fly out, F9 (Flyball, 9LSF, EV 91.3 MPH)
Batting: LHB Ryan McFall 0-0: Called Strike
0-1: Ball
1-1: Foul Ball, location: 5F
1-2: Ball
2-2: Ball
3-2: Strikes out swinging
Batting: LHB Dan McCartney 0-0: Ball
1-0: Called Strike
1-1: 2-RUN HOME RUN (Flyball, 89XD, EV 109.4 MPH), Distance : 431 ft
Batting: RHB Frank Kravitz 0-0: Ball
1-0: Called Strike
1-1: Foul Ball, location: 2F
1-2: Ball
2-2: Ball
3-2: Fly out, F8 (Flyball, 8LXD, EV 99.4 MPH)
Bottom of the 1st over - 2 runs, 1 hit, 1 error, 0 left on base; Houston 0 - Boston 2
TOP OF THE 2ND
Houston Astros batting - Pitching for Boston Red Sox : RHP Joel Mormon
Batting: LHB Alex Perez 0-0: Ball
1-0: Foul Ball, location: 2F
1-1: Fly out, F8 (Flyball, 8LXD, EV 104.4 MPH)
Batting: RHB Del Bannerman 0-0: Ball
1-0: Ball
2-0: Called Strike
2-1: SINGLE (Line Drive, 78M, EV 108.1 MPH)
Batting: LHB Eddy Miramontes 0-0: Ball
1-0: Ball
2-0: Called Strike
2-1: SINGLE (Groundball, 34D, EV 97.5 MPH)
Del Bannerman to second
Runner from 2nd tries for 3rd, SAFE, throw by RF made to third
Batting: RHB Frank Kelsay 0-0: Ball
1-0: Swinging Strike
1-1: Foul Ball, location: 23F
1-2: Ball
2-2: Fly out, F7 (Line Drive, 78M, EV 90.0 MPH)
Batting: RHB Erik Ellsworth 0-0: Ball
1-0: Ball
2-0: Ball
3-0: Ground out 4-3 (Groundball, 13, EV 90.0 MPH)
Top of the 2nd over - 0 runs, 2 hits, 0 errors, 2 left on base; Houston 0 - Boston 2
BOTTOM OF THE 2ND
Boston Red Sox batting - Pitching for Houston Astros : RHP Jon Daugherty
Batting: LHB Marquise Woods 0-0: Ball
1-0: Ball
2-0: Ball
3-0: Called Strike
3-1: Base on Balls
Pitching: RHP Emanuel Calleya
Batting: RHB Romeo Zimolo 0-0: Called Strike
0-1: Fielders Choice at 2nd, 3-6 (Groundball, 3S, EV 81.3 MPH)
Batting: LHB Ricardo Cordova 0-0: Called Strike
0-1: Foul Ball, location: 7LSF
0-2: Ball
1-2: Strikes out looking
Batting: RHB Tom Dudley 0-0: Ball
1-0: Ground out 4-3 (Groundball, 4MD, EV 99.4 MPH)
Bottom of the 2nd over - 0 runs, 0 hits, 0 errors, 1 left on base; Houston 0 - Boston 2
TOP OF THE 3RD
Houston Astros batting - Pitching for Boston Red Sox : RHP Joel Mormon
Batting: RHB Manchu Hu 0-0: Ball
1-0: Ball
2-0: Swinging Strike
2-1: Foul Ball, location: 7LSF
2-2: Strikes out looking
Batting: RHB Miguel Santillano 0-0: Called Strike
0-1: Ball
1-1: Called Strike
1-2: Ball
2-2: Strikes out swinging
Batting: LHB Zack Baize 0-0: Ball
1-0: Ball
2-0: Ball
3-0: Base on Balls
Batting: RHB Jeff Cinnamon 0-0: Swinging Strike
0-1: Ball
1-1: Foul Ball, location: 2F
1-2: Strikes out looking
Top of the 3rd over - 0 runs, 0 hits, 0 errors, 1 left on base; Houston 0 - Boston 2
BOTTOM OF THE 3RD
Boston Red Sox batting - Pitching for Houston Astros : RHP Emanuel Calleya
Pitching: LHP Wiley Hill
Batting: RHB Mike Tremblay 0-0: Ball
1-0: Swinging Strike
1-1: Foul Ball, location: 2F
1-2: Strikes out swinging
Batting: RHB Chris Barley 0-0: Ball
1-0: Ball
2-0: Ball
3-0: Foul Ball, location: 9LSFF
3-1: Foul Ball, location: 25F
3-2: Foul Ball, location: 2F
3-2: Strikes out looking
Batting: LHB Ryan McFall 0-0: Ball
1-0: Ball
2-0: Ball
3-0: Called Strike
3-1: Foul Ball, location: 7LDF
3-2: Base on Balls
Batting: LHB Dan McCartney 0-0: Foul Ball, location: 7LMF
0-1: Fly out, F9 (Flyball, 89M, EV 95.0 MPH)
Bottom of the 3rd over - 0 runs, 0 hits, 0 errors, 1 left on base; Houston 0 - Boston 2
TOP OF THE 4TH
Houston Astros batting - Pitching for Boston Red Sox : RHP Joel Mormon
Batting: LHB Alex Perez 0-0: Called Strike
0-1: Foul Ball, location: 2F
0-2: Ball
1-2: SINGLE (Groundball, 34D, EV 102.5 MPH)
Batting: RHB Del Bannerman 0-0: Grounds into double play, 4-6-3 (Groundball, 4, EV 101.3 MPH)
Batting: LHB Eddy Miramontes 0-0: Ball
1-0: Called Strike
1-1: Ball
2-1: Called Strike
2-2: Ball
3-2: Foul Ball, location: 5F
3-2: Fly out, F7 (Line Drive, 7D, EV 103.1 MPH)
Top of the 4th over - 0 runs, 1 hit, 0 errors, 0 left on base; Houston 0 - Boston 2
BOTTOM OF THE 4TH
Boston Red Sox batting - Pitching for Houston Astros : LHP Wiley Hill
Pitching: RHP Gene Kaiser
Batting: RHB Frank Kravitz 0-0: Ball
1-0: Ground out 6-3 (Groundball, 6, EV 102.5 MPH)
Batting: LHB Marquise Woods 0-0: SINGLE (Line Drive, 7S, EV 100.0 MPH)
Batting: RHB Romeo Zimolo 0-0: Ball
1-0: 2-RUN HOME RUN (Flyball, 7LD, EV 98.1 MPH), Distance : 359 ft
Batting: LHB Ricardo Cordova 0-0: Ball
1-0: Foul Ball, location: 3F
1-1: Swinging Strike
1-2: Strikes out looking
Batting: RHB Tom Dudley 0-0: SINGLE (Groundball, 34D, EV 110.6 MPH)
Batting: RHB Mike Tremblay 0-0: Called Strike
0-1: Ball
1-1: Called Strike
1-2: Fly out, F5 (Line Drive, 5, EV 71.9 MPH)
Bottom of the 4th over - 2 runs, 3 hits, 0 errors, 1 left on base; Houston 0 - Boston 4
TOP OF THE 5TH
Houston Astros batting - Pitching for Boston Red Sox : RHP Joel Mormon
Pitching: RHP Marshall Belill
Now at 1B: Joe Fowler
Now at 2B: Nate Campbell
Now in LF: Chris Kautz
Now in CF: Chris Rodriguez
Batting: RHB Frank Kelsay 0-0: Ball
1-0: Ball
2-0: Ball
3-0: Called Strike
3-1: Fly out, F4 (Popup, 34D, EV 48.1 MPH)
Batting: RHB Erik Ellsworth 0-0: Ball
1-0: Foul Ball, location: 2F
1-1: Ball
2-1: Swinging Strike
2-2: Ground out 5-3 (Groundball, 56S, EV 87.5 MPH)
Batting: RHB Manchu Hu 0-0: Ball
1-0: Ball
2-0: Called Strike
2-1: Swinging Strike
2-2: Strikes out swinging
Top of the 5th over - 0 runs, 0 hits, 0 errors, 0 left on base; Houston 0 - Boston 4
BOTTOM OF THE 5TH
Boston Red Sox batting - Pitching for Houston Astros : RHP Gene Kaiser
Now at 1B: Matt Carocci
Now in CF: Bret Payne
Now in RF: Miguel Santillano
Batting: RHB Joe Fowler 0-0: Ball
1-0: Foul Ball, location: 9LSF
1-1: Called Strike
1-2: Strikes out looking
Pinch Hitting: RHB Zane Wilder 0-0: Ball
1-0: Ball
2-0: Ball
3-0: Called Strike
3-1: Swinging Strike
3-2: SOLO HOME RUN (Line Drive, 9D, EV 101.3 MPH), Distance : 389 ft
Pitching: RHP Ron Lord
Batting: LHB Chris Kautz 0-0: Called Strike
0-1: Called Strike
0-2: Ball
1-2: Strikes out looking
Batting: RHB Frank Kravitz 0-0: Ball
1-0: Fly out, F4 (Popup, 4M, EV 66.9 MPH)
Bottom of the 5th over - 1 run, 1 hit, 0 errors, 0 left on base; Houston 0 - Boston 5
TOP OF THE 6TH
Houston Astros batting - Pitching for Boston Red Sox : RHP Marshall Belill
Now at C: Cortez Peguero
Now at 3B: Pieter Janssen
Now in RF: Zane Wilder
Pinch Hitting: LHB Bobby Johnson 0-0: Ball
1-0: Foul Ball, location: 2F
1-1: Ball
2-1: Called Strike
2-2: SINGLE (Groundball, 34D, EV 93.8 MPH)
Pinch Hitting: LHB Steve Kuhlman 0-0: Called Strike
0-1: Fly out, F9 (Flyball, 89S, EV 93.1 MPH)
Batting: RHB Matt Carocci 0-0: Ball
1-0: Fly out, F8 (Line Drive, 8RS, EV 89.4 MPH)
Batting: RHB Bret Payne 0-0: Ball
1-0: Called Strike
1-1: Ball
2-1: Swinging Strike
2-2: Foul Ball, location: 9LMF
2-2: Fly out, F7 (Flyball, 7S, EV 89.4 MPH)
Top of the 6th over - 0 runs, 1 hit, 0 errors, 1 left on base; Houston 0 - Boston 5
BOTTOM OF THE 6TH
Boston Red Sox batting - Pitching for Houston Astros : RHP Ron Lord
Now in LF: Steve Kuhlman
Now in RF: Bobby Johnson
Batting: RHB Nate Campbell 0-0: Called Strike
0-1: Fly out, F9 (Flyball, 9S, EV 85.0 MPH)
Pinch Hitting: RHB Ed Pollock 0-0: Ground out 6-3 (Groundball, 6, EV 81.3 MPH)
Batting: SHB Alex Salazar 0-0: Called Strike
0-1: Swinging Strike
0-2: Ball
1-2: Ball
2-2: Foul Ball, location: 5F
2-2: Ball
3-2: Foul Ball, location: 9LSF
3-2: Base on Balls
Batting: RHB Cortez Peguero 0-0: Swinging Strike
0-1: Ball
1-1: Ball
2-1: Called Strike
2-2: Foul Ball, location: 5FF
2-2: Foul Ball, location: 3FF
2-2: Foul Ball, location: 9LSF
2-2: Ball
3-2: Strikes out looking
Bottom of the 6th over - 0 runs, 0 hits, 0 errors, 1 left on base; Houston 0 - Boston 5
TOP OF THE 7TH
Houston Astros batting - Pitching for Boston Red Sox : RHP Marshall Belill
Pitching: LHP Joe Carver
Now at SS: Ed Pollock
Pinch Hitting: RHB Chase Bavaro 0-0: Ball
1-0: Ground out 6-3 (Groundball, 6, EV 84.4 MPH)
Batting: RHB Aaron McNelley 0-0: Foul Ball, location: 7LSF
0-1: Ball
1-1: Swinging Strike
1-2: Ball
2-2: Ball
3-2: Hit by Pitch
Pinch Hitting: RHB Jeremy Allen 0-0: Fly out, F8 (Flyball, 89D, EV 87.5 MPH)
Pinch Hitting: RHB Justin Haug 0-0: Ball
1-0: Called Strike
1-1: Swinging Strike
1-2: Foul Ball, location: 2F
1-2: Ball
2-2: Ball
3-2: Strikes out swinging
Top of the 7th over - 0 runs, 0 hits, 0 errors, 1 left on base; Houston 0 - Boston 5
BOTTOM OF THE 7TH
Boston Red Sox batting - Pitching for Houston Astros : RHP Ron Lord
Pitching: RHP Kyle Benites
Now at 2B: Justin Haug
Now at 3B: Jeremy Allen
Now at SS: Chase Bavaro
Batting: RHB Chris Rodriguez 0-0: Foul Ball, location: 2F
0-1: Called Strike
0-2: Ball
1-2: Ball
2-2: Reached on error, E5 (Groundball, 15, EV 84.4 MPH)
Batting: RHB Joe Fowler 0-0: Called Strike
0-1: Ball
1-1: Foul Ball, location: 5F
1-2: SINGLE (Line Drive, 8RS, EV 108.8 MPH)
Chris Rodriguez to third
Batting: RHB Zane Wilder 0-0: Ball
1-0: DOUBLE (Flyball, 8RXD, EV 110.0 MPH)
Chris Rodriguez scores
Joe Fowler to third
Batting: LHB Chris Kautz 0-0: Foul Ball, location: 2RF
0-1: Swinging Strike
0-2: Ball
1-2: Ball
2-2: Foul Ball, location: 2F
2-2: Ball
3-2: Ground out 6-3 (Groundball, 4M, EV 85.0 MPH)
Batting: RHB Pieter Janssen 0-0: Called Strike
0-1: Ball
1-1: Ball
2-1: Ball
Wild Pitch!
Joe Fowler scores
Zane Wilder to third
3-1: Base on Balls
Batting: RHB Nate Campbell 0-0: Ball
1-0: Called Strike
1-1: Foul Ball, location: 2F
1-2: Ball
2-2: Fly out, F8 (Flyball, 8LD, EV 101.9 MPH)
Runner from 3rd tags up, SCORES, throw by CF
Batting: RHB Ed Pollock 0-0: Ball
1-0: Fly out, F7 (Line Drive, 78M, EV 97.5 MPH)
Bottom of the 7th over - 3 runs, 2 hits, 1 error, 1 left on base; Houston 0 - Boston 8
TOP OF THE 8TH
Houston Astros batting - Pitching for Boston Red Sox : LHP Joe Carver
Pitching: RHP Francisco Quintanilla
Batting: RHB Manchu Hu 0-0: Ball
1-0: Ball
2-0: Ball
3-0: Fly out, F8 (Flyball, 78S, EV 74.4 MPH)
Batting: LHB Bobby Johnson 0-0: Called Strike
0-1: Ball
1-1: Ball
2-1: Foul Ball, location: 7LSF
2-2: Strikes out looking
Batting: LHB Steve Kuhlman 0-0: Fly out, F7 (Flyball, 7, EV 91.9 MPH)
Top of the 8th over - 0 runs, 0 hits, 0 errors, 0 left on base; Houston 0 - Boston 8
BOTTOM OF THE 8TH
Boston Red Sox batting - Pitching for Houston Astros : RHP Kyle Benites
Pitching: RHP Graham Burch
Batting: SHB Alex Salazar 0-0: SINGLE (Groundball, 6MD, EV 95.6 MPH)
Batting: RHB Cortez Peguero 0-0: Ball
1-0: SINGLE (Line Drive, 89S, EV 105.6 MPH)
Alex Salazar to second
Pinch Hitting: LHB Tony Vargas 0-0: Swinging Strike
0-1: Fielders Choice at 2nd, 4-6 (Groundball, 34, EV 97.5 MPH)
Alex Salazar to third
Pinch Hitting: LHB Sergio Mejia 0-0: SINGLE (Line Drive, 7LS, EV 101.3 MPH)
Alex Salazar scores
Tony Vargas to second
Pinch Hitting: RHB Eddie Chavez 0-0: Ball
1-0: Swinging Strike
1-1: Ball
2-1: Ball
3-1: Foul Ball, location: 2F
3-2: Strikes out looking
Batting: LHB Chris Kautz 0-0: Ball
1-0: Ball
2-0: Ball
3-0: Called Strike
3-1: SINGLE (Groundball, 34D, EV 97.5 MPH)
Tony Vargas to third
Sergio Mejia to second
Runner from 3rd tries for Home, SAFE, throw by RF to home
Pinch Hitting: LHB Juan Gonsales 0-0: Foul Ball, location: 9LDF
0-1: Foul Ball, location: 2LF
0-2: Ball
1-2: Ball
2-2: SINGLE (Flyball, 8RS, EV 91.9 MPH)
Sergio Mejia to third
Chris Kautz to second
Runner from 3rd tries for Home, SAFE, throw by CF to home
Pinch Hitting: LHB Bob Stuhr 0-0: Ball
1-0: Ball
2-0: Foul Ball, location: 3F
2-1: Ball
3-1: Swinging Strike
3-2: Foul Ball, location: 2LF
3-2: Ground out U3 (Groundball, 3, EV 81.9 MPH)
Bottom of the 8th over - 3 runs, 5 hits, 0 errors, 2 left on base; Houston 0 - Boston 11
TOP OF THE 9TH
Houston Astros batting - Pitching for Boston Red Sox : RHP Francisco Quintanilla
Pitching: RHP Travis West
Now at 1B: Sergio Mejia
Now at 2B: Bob Stuhr
Now at 3B: Nate Morrison
Now in CF: Eddie Chavez
Now in RF: Tony Vargas
Batting: RHB Matt Carocci 0-0: Called Strike
0-1: Foul Ball, location: 2F
0-2: Strikes out looking
Batting: RHB Bret Payne 0-0: Called Strike
0-1: Ball
1-1: Called Strike
1-2: Foul Ball, location: 5DF
1-2: Foul Ball, location: 2F
1-2: Ball
2-2: Foul Ball, location: 2F
2-2: Foul Ball, location: 3DF
2-2: Ball
3-2: Fly out, F4 (Popup, 34D, EV 50.6 MPH)
Batting: RHB Chase Bavaro 0-0: Ball
1-0: Called Strike
1-1: Ball
2-1: Foul Ball, location: 9LSF
2-2: Strikes out swinging
Top of the 9th over - 0 runs, 0 hits, 0 errors, 0 left on base; Houston 0 - Boston 11
Wednesday, May 1st , 2024 - OOTP Baseball 24.11 Build 85